 Dungeon Crawl Stone Soup version 0.26-a0-672-g1df16c3386 (webtiles) character file.

Game seed: 4574089582313191113

18998 robertstho the Fighter (level 12, -13/97 HPs)
             Began as a Gnoll Ice Elementalist on Oct 19, 2020.
             Was an Elder of Sif Muna.
             Mangled by a jiangshi (19 damage)
             ... led by a vampire mage
             ... on level 1 of the Abyss.
             The game lasted 00:35:20 (17142 turns).

robertstho the Fighter (Gnoll Ice Elementalist)    Turns: 17142, Time: 00:35:22

Health: -13/97     AC:  5    Str: 12    XL:     12   Next: 64%
Magic:  27/34      EV: 18    Int: 21    God:    Sif Muna [****..]
Gold:   588        SH:  0    Dex: 16    Spells: 14/29 levels left

rFire    + . .     SeeInvis .   o - +1 short sword (elec)
rCold    . . .     Faith    .   (no shield)
rNeg     . . .     Spirit   .   a - +0 robe
rPois    .         Reflect  .   (no helmet)
rElec    +         Harm     .   t - +0 cloak
rCorr    .         Rampage  .   (no gloves)
MR       .....                  R - +0 pair of boots
Stlth    ++++......             g - amulet of the acrobat
HPRegen  0.26/turn              N - ring of Xafoly {rElec rF+}
MPRegen  0.24/turn              e - ring of magical power

@: frozen ramparts, studying Fighting
A: distributed training, fangs 1, strong nose
a: Channel Magic, Forget Spell, Divine Exegesis, Renounce Religion


You were on level 1 of the Abyss.
You worshipped Sif Muna.
Sif Muna was greatly pleased with you.
You visited 3 branches of the dungeon, and saw 15 of its levels.
You visited the Abyss 1 time.
You also visited: Ossuary.

You collected 763 gold pieces.
You spent 175 gold pieces at shops.

Inventory:

Hand Weapons
 j - a +1 dagger of speed
 o - a +1 short sword of electrocution (weapon)
 Q - a +2 vorpal war axe
 S - a +3 scimitar of flaming
Missiles
 d - 46 poisoned darts (quivered)
Armour
 a - a +0 robe (worn)
 t - a +0 cloak (worn)
 R - a +0 pair of boots (worn)
Magical Staves
 q - an uncursed staff of fire
Jewellery
 e - a ring of magical power (right hand)
 g - an amulet of the acrobat (around neck)
 p - an uncursed ring of poison resistance
 s - an uncursed ring of positive energy
 J - the ring "Wonki" {rN+ rCorr Int-2 SInv}
   (You found it on level 6 of the Dungeon)

   [ring of resist corrosion]

   It affects your intelligence (-2).
   It protects you from negative energy.
   It lets you see invisible.
   It provides partial protection from all sources of acid and corrosion.
 N - the ring of Xafoly (left hand) {rElec rF+}
   (You acquired it on level 12 of the Dungeon)

   [ring of protection from fire]

   It protects you from fire.
   It insulates you from electricity.
 O - an uncursed ring of ice {unknown}
 T - an uncursed ring of magical power
Wands
 i - a wand of random effects (10)
 y - a wand of acid (7)
 D - a wand of digging (6)
 P - a wand of flame (41)
Scrolls
 f - 4 scrolls of enchant armour
 h - 5 scrolls of magic mapping {unknown}
 k - 9 scrolls of teleportation
 l - 16 scrolls of remove curse
 m - 4 scrolls of fear
 n - 2 scrolls of blinking {unknown}
 w - a scroll of fog
 F - 2 scrolls of immolation
 M - a scroll of enchant weapon
Potions
 b - a potion of curing
 c - a potion of cancellation
 r - 2 potions of stabbing
 u - 2 potions of haste
 v - 5 potions of might
 x - 4 potions of heal wounds
 z - a potion of flight
 A - a potion of ambrosia
 B - a potion of mutation {unknown}
 E - 4 potions of lignification
 G - 3 potions of brilliance
Books
 I - a manual of Fighting
Miscellaneous
 L - a lightning rod (4/4)


   Skills:
 + Level 9.9 Fighting
 + Level 7.5 Short Blades
 + Level 7.5 Long Blades
 + Level 7.5 Axes
 + Level 7.5 Maces & Flails
 + Level 7.5 Polearms
 + Level 7.5 Staves
 + Level 7.5 Slings
 + Level 7.5 Bows
 + Level 7.5 Crossbows
 + Level 7.5 Throwing
 + Level 7.5 Armour
 + Level 8.9 Dodging
 + Level 8.6 Stealth
 + Level 7.5 Shields
 + Level 7.5 Unarmed Combat
 + Level 9.1 Spellcasting
 + Level 6.2 Conjurations
 + Level 6.2 Hexes
 + Level 6.2 Summonings
 + Level 6.2 Necromancy
 + Level 6.2 Translocations
 + Level 6.2 Transmutations
 + Level 6.2 Fire Magic
 + Level 9.5 Ice Magic
 + Level 6.2 Air Magic
 + Level 6.2 Earth Magic
 + Level 6.2 Poison Magic
 + Level 8.2 Invocations
 + Level 7.5 Evocations


You had 14 spell levels left.
You knew the following spells:

 Your Spells              Type           Power        Failure   Level
a - Freeze                Ice            ####         1%          1
b - Frozen Ramparts       Ice            #####.       1%          3
c - Ozocubu's Armour      Ice            #####...     1%          3
d - Hailstorm             Conj/Ice       #####...     2%          4
e - Summon Ice Beast      Ice/Summ       #####...     2%          4

Your spell library contained the following spells:

 Spells                   Type           Power        Failure   Level
 Corona                   Hex            #####..      1%          1
 Foxfire                  Conj/Fire      ####         1%          1
 Ensorcelled Hibernation  Hex/Ice        #####.       1%          2
 Confusing Touch          Hex            #####...     1%          3
 Conjure Flame            Conj/Fire      #####...     1%          3
 Dazzling Flash           Conj/Hex       #####.       1%          3
 Inner Flame              Hex/Fire       #####...     1%          3
 Tukima's Dance           Hex            #####...     1%          3
 Sticky Flame             Conj/Fire      #####...     5%          4
 Fireball                 Conj/Fire      #####.....   16%         5


Dungeon Overview and Level Annotations

Branches:
Dungeon (13/15)            Temple (1/1) D:6            Lair (1/6) D:10
    Orc (0/2) D:10        Ossuary (visited)
 Vaults: D:13-14

Altars:
Ashenzari
Cheibriados
Dithmenos
Fedhas
Gozag
Kikubaaqudgha
Makhleb
Nemelex Xobeh
Okawaru
Qazlal
Ru
Sif Muna
Trog
Uskayaw
Vehumet
Wu Jian
Xom
Yredelemnul
Zin
The Shining One

Shops:
D:4 }?:=[   D:8 (([}   D:10 }

Annotations:
D:4 scroll shop
D:8 1138 Elemental Staff -- get this
Lair:1 Sonja


Innate Abilities, Weirdness & Mutations

Your experience applies equally to all skills.
You have very sharp teeth.
Your uncanny sense of smell can sniff out nearby items.


Message History

The jiangshi resists.
The wall freezes the jiangshi.
The jiangshi claws you but does no damage.
The jiangshi splashes around in the water.
The jiangshi resists.
The wall freezes the jiangshi.
The blink frog blinks!
Something hits your ice beast.
Unknown command.
You feel much better.
The jiangshi completely resists.
The wall freezes the jiangshi but do no damage.
The jiangshi closely misses you. The jiangshi claws you!
* * * LOW HITPOINT WARNING * * *
The jiangshi draws strength from your injuries!
Your ice beast barely misses the jiangshi.
Your ice beast hits the jiangshi but does no damage.
The jiangshi completely resists.
The wall freezes the jiangshi but do no damage.
The jiangshi claws you!
* * * LOW HITPOINT WARNING * * *
The jiangshi draws strength from your injuries!
The jiangshi claws you!!
You die...

#. ## ≈≈.#
.# ≈#.≈#
#..##.≈≈ #
#....###.#
#F.># .#
#..Y##.#
##FYY.# #
# ###V####
. # #@##
## # .
##.#.. ?#
. .# .# #
# .# #. .
.## # . .
.. #.#. .
. ∆ # . .
## . #.


You could see a jiangshi, a blink frog and 3 friendly ice beasts.

Vanquished Creatures
  2 tentacled starspawn (Abyss:1)
  A jiangshi (Abyss:1)
  Erica (D:10)
  An unseen horror (D:12)
  Pikel (D:5)
  A manticore (D:9)
  Joseph (D:8)
  A cane toad (Lair:1)
  3 komodo dragons (D:10)
  3 meliai (D:12)
  A hornet (D:11)
  A slime creature (D:12)
  A large abomination (Abyss:1)
  3 wyverns
  A spriggan (Lair:1)
  A vampire (D:12)
  Sigmund (D:4)
  A wraith (D:11)
  Eustachio (D:6)
  5 yaks
  A basilisk (D:10)
  A steam dragon (D:11)
  A vampire mosquito (D:9)
  An acid dragon (D:9)
  A water moccasin (D:11)
  3 nameless horrors
  An eye of draining (D:8)
  A hornet zombie (D:11)
  4 orc warriors
  3 ice beasts
  A black bear (D:10)
  3 phantoms
  6 sky beasts
  4 ogres
  4 wolves (Lair:1)
  4 centaurs
  A big kobold (D:8)
  2 bullfrogs
  6 scorpions
  10 killer bees
  A wight (D:8)
  4 howler monkeys
  3 jellies
  A bullfrog zombie (D:9)
  A gnoll shaman (D:6)
  A human zombie (Ossuary)
  2 quasits
  A centaur zombie (Ossuary)
  7 hounds
  A bullfrog skeleton (D:5)
  6 orc priests
  3 iguanas
  11 orc wizards
  4 worker ants
  A killer bee zombie (D:6)
  A big kobold zombie (Ossuary)
  2 hound skeletons
  2 mummies (Ossuary)
  3 worker ant zombies
  11 gnolls
  A howler monkey skeleton (D:5)
  11 adders
  2 shadow imps
  2 white imps
  An ooze (D:4)
  4 adder skeletons
  2 worms (D:3)
  A dart slug (D:1)
  8 leopard geckos
  29 orcs
  A ball python (D:3)
  4 giant cockroaches
  10 goblins
  11 hobgoblins
  5 jackals (D:6)
  7 quokkas
  7 bats
  4 frilled lizards
  A goblin zombie (Ossuary)
  12 kobolds
  2 kobold zombies (Ossuary)
  A leopard gecko skeleton (D:6)
  An orc zombie (Ossuary)
  A quokka zombie (D:5)
  5 rats
  A starspawn tentacle (Abyss:1)
289 creatures vanquished.

Vanquished Creatures (collateral kills)
  A two-headed ogre (D:11)
  An oklob plant (D:9)
  A komodo dragon (D:10)
  A troll (D:9)
  Prince Ribbit (D:7)
  2 slime creatures (D:12)
  5 yaks
  3 small abominations (Abyss:1)
  A steam dragon (D:12)
  Menkaure (D:6)
  Edmund (D:4)
  2 black bears
  An ice beast (D:6)
  3 orc warriors
  A swamp drake (D:10)
  3 necrophages
  5 ogres
  A centaur (D:5)
  A lemure (D:5)
  A bullfrog (D:6)
  4 wights (D:8)
  6 killer bees
  2 nameless horrors
  2 quasits
  4 hounds
  A bullfrog zombie (D:12)
  A centaur zombie (Ossuary)
  An orc priest (D:5)
  An orc wizard (D:5)
  A hound skeleton (D:7)
  3 mummies (Ossuary)
  2 adders (D:6)
  3 white imps
  A leopard gecko (D:6)
  5 orcs
  A jackal (D:6)
  A giant cockroach zombie (D:6)
  A kobold (D:8)
  A leopard gecko zombie (D:5)
77 creatures vanquished.

Vanquished Creatures (others)
  5 dream sheep (D:7)
  A small abomination (Abyss:1)
  A quokka (D:12)
  2 plants
  4 starspawn tentacles (Abyss:1)
  14 toadstools (D:9)
27 creatures vanquished.

Grand Total: 393 creatures vanquished

Notes
Turn   | Place    | Note
-------+----------+-------------------------------------------
     0 | D:1      | robertstho the Gnoll Ice Elementalist began the quest for
                  | the Orb.
     0 | D:1      | Reached XP level 1. HP: 13/13 MP: 6/6
    76 | D:1      | Reached XP level 2. HP: 13/19 MP: 0/7
   355 | D:1      | HP: 1/20 [giant cockroach (2)]
   895 | D:1      | Reached XP level 3. HP: 21/25 MP: 7/9
   898 | D:1      | Reached skill level 5 in Spellcasting
  1157 | D:2      | Found a faded altar of an unknown god.
  1432 | D:2      | Learned a level 3 spell: Frozen Ramparts
  1436 | D:2      | Learned a level 3 spell: Ozocubu's Armour
  1608 | D:2      | Reached skill level 1 in Invocations
  1666 | D:2      | Reached skill level 1 in Fighting
  1666 | D:2      | Reached skill level 1 in Short Blades
  1666 | D:2      | Reached skill level 1 in Long Blades
  1666 | D:2      | Reached skill level 1 in Axes
  1666 | D:2      | Reached skill level 1 in Maces & Flails
  1666 | D:2      | Reached skill level 1 in Polearms
  1666 | D:2      | Reached skill level 1 in Staves
  1666 | D:2      | Reached skill level 1 in Slings
  1666 | D:2      | Reached skill level 1 in Bows
  1666 | D:2      | Reached skill level 1 in Crossbows
  1666 | D:2      | Reached skill level 1 in Throwing
  1666 | D:2      | Reached skill level 1 in Armour
  1666 | D:2      | Reached skill level 1 in Shields
  1666 | D:2      | Reached skill level 1 in Unarmed Combat
  1666 | D:2      | Reached skill level 1 in Evocations
  1999 | D:3      | Found a broken altar of Ashenzari.
  1999 | D:3      | Found a stormy altar of Qazlal.
  1999 | D:3      | Found an ancient bone altar of Kikubaaqudgha.
  2000 | D:3      | Found a glowing golden altar of the Shining One.
  2100 | D:3      | Reached XP level 4. HP: 32/32 MP: 11/11
  2668 | D:3      | Reached skill level 1 in Conjurations
  2668 | D:3      | Reached skill level 1 in Hexes
  2668 | D:3      | Reached skill level 1 in Summonings
  2668 | D:3      | Reached skill level 1 in Necromancy
  2668 | D:3      | Reached skill level 1 in Translocations
  2668 | D:3      | Reached skill level 1 in Transmutations
  2668 | D:3      | Reached skill level 1 in Fire Magic
  2668 | D:3      | Reached skill level 1 in Air Magic
  2668 | D:3      | Reached skill level 1 in Earth Magic
  2668 | D:3      | Reached skill level 1 in Poison Magic
  2672 | D:3      | Reached XP level 5. HP: 18/37 MP: 5/12
  2846 | D:3      | Found a shimmering altar of Xom.
  3401 | D:4      | Noticed Sigmund
  3416 | D:4      | Found Judduip's Magic Scroll Emporium.
  3440 | D:4      | Killed Sigmund
  3440 | D:4      | Reached skill level 5 in Dodging
  3440 | D:4      | Reached XP level 6. HP: 33/44 MP: 7/14
  3526 | D:4      | Bought a scroll of identify for 28 gold pieces
  3526 | D:4      | Bought a scroll of identify for 28 gold pieces
  3526 | D:4      | Bought a scroll of fear for 49 gold pieces
  3526 | D:4      | Bought a scroll of remove curse for 42 gold pieces
  3526 | D:4      | Bought a scroll of fog for 28 gold pieces
  3603 | D:4      | Found Revilypp's Jewellery Emporium.
  3668 | D:4      | Found Naetat Mann's Book Shop.
  3668 | D:4      | Found Fopisuh's Gadget Shop.
  3745 | D:4      | Found Nofog's Antique Armour Shoppe.
  3837 | D:4      | Noticed Edmund
  3846 | D:4      | Learned a level 4 spell: Hailstorm
  3851 | D:4      | Learned a level 4 spell: Summon Ice Beast
  3865 | D:4      | Killed Edmund
  3865 | D:4      | Reached XP level 7. HP: 28/50 MP: 4/15
  4438 | D:4      | Found an opulent altar of Gozag.
  4511 | D:5      | Entered Level 5 of the Dungeon
  4521 | D:5      | Reached skill level 5 in Stealth
  4735 | D:5      | Noticed Pikel
  4737 | D:5      | Found a sand-covered staircase.
  4742 | Ossuary  | Entered an ossuary
  4761 | Ossuary  | Reached XP level 8. HP: 47/57 MP: 16/16
  5170 | D:5      | Killed Pikel
  5744 | D:5      | Found an ornate altar of the Wu Jian Council.
  5762 | D:5      | Noticed a nameless horror
  5769 | D:5      | Killed a nameless horror
  6198 | D:6      | Reached XP level 9. HP: 27/65 MP: 6/18
  6926 | D:6      | Noticed Menkaure
  6945 | D:6      | Killed Menkaure
  7230 | D:6      | Got a coiled bronze ring
  7428 | D:6      | Found a staircase to the Ecumenical Temple.
  7449 | Temple   | Entered the Ecumenical Temple
  7798 | Temple   | Became a worshipper of Sif Muna the Loreminder
  7838 | D:6      | Reached skill level 5 in Fighting
  7982 | D:6      | Found a burning altar of Makhleb.
  7985 | D:6      | Noticed a green death
  7987 | D:6      | Found a glowing silver altar of Zin.
  7988 | D:6      | Noticed an angel
  8080 | D:6      | Found a hide-covered altar of Uskayaw.
  8089 | D:6      | Found a snail-covered altar of Cheibriados.
  8117 | D:6      | Noticed Eustachio
  8130 | D:6      | Killed Eustachio
  8130 | D:6      | Reached skill level 5 in Invocations
  8289 | D:6      | Found a sparkling altar of Nemelex Xobeh.
  8899 | D:7      | Reached * piety under Sif Muna
  8913 | D:7      | Reached XP level 10. HP: 76/76 MP: 20/20
  9007 | D:7      | Noticed Prince Ribbit
  9020 | D:7      | Killed Prince Ribbit
  9222 | D:7      | Found a shimmering altar of Xom.
  9513 | D:8      | Found Xoditil's Armour Shoppe.
  9516 | D:8      | Found Qefea's Weapon Shop.
  9532 | D:8      | Found Xeraduca's Weapon Shop.
  9637 | D:8      | Reached skill level 5 in Short Blades
  9637 | D:8      | Reached skill level 5 in Long Blades
  9637 | D:8      | Reached skill level 5 in Axes
  9637 | D:8      | Reached skill level 5 in Maces & Flails
  9637 | D:8      | Reached skill level 5 in Polearms
  9637 | D:8      | Reached skill level 5 in Staves
  9637 | D:8      | Reached skill level 5 in Slings
  9637 | D:8      | Reached skill level 5 in Bows
  9637 | D:8      | Reached skill level 5 in Crossbows
  9637 | D:8      | Reached skill level 5 in Throwing
  9637 | D:8      | Reached skill level 5 in Armour
  9637 | D:8      | Reached skill level 5 in Shields
  9637 | D:8      | Reached skill level 5 in Unarmed Combat
  9637 | D:8      | Reached skill level 5 in Evocations
  9837 | D:8      | Noticed Joseph
  9857 | D:8      | Killed Joseph
 10058 | D:8      | Found Peppad's Gadget Boutique.
 10508 | D:8      | Found a shadowy altar of Dithmenos.
 10821 | D:8      | Reached ** piety under Sif Muna
 11364 | D:9      | Identified the ring "Wonki" {rN+ rCorr Int-2 SInv} (You
                  | found it on level 6 of the Dungeon)
 11378 | D:9      | Noticed a manticore
 11399 | D:9      | Killed a manticore
 11743 | D:9      | Found a blossoming altar of Fedhas.
 11763 | D:9      | Noticed an oklob plant
 11779 | D:9      | Killed an oklob plant
 11779 | D:9      | Reached XP level 11. HP: 84/84 MP: 19/22
 11931 | D:9      | Reached *** piety under Sif Muna
 12141 | D:10     | Entered Level 10 of the Dungeon
 12620 | D:10     | Found a staircase to the Orcish Mines.
 12743 | D:10     | Reached skill level 5 in Conjurations
 12743 | D:10     | Reached skill level 5 in Hexes
 12743 | D:10     | Reached skill level 5 in Summonings
 12743 | D:10     | Reached skill level 5 in Necromancy
 12743 | D:10     | Reached skill level 5 in Translocations
 12743 | D:10     | Reached skill level 5 in Transmutations
 12743 | D:10     | Reached skill level 5 in Fire Magic
 12743 | D:10     | Reached skill level 5 in Air Magic
 12743 | D:10     | Reached skill level 5 in Earth Magic
 12743 | D:10     | Reached skill level 5 in Poison Magic
 12806 | D:10     | Found Lafet's Gadget Boutique.
 12898 | D:10     | Noticed Erica
 12915 | D:10     | Killed Erica
 13146 | D:10     | Found a staircase to the Lair.
 13570 | D:11     | Noticed a two-headed ogre
 13573 | D:11     | Reached **** piety under Sif Muna
 13586 | D:11     | Killed a two-headed ogre
 14909 | D:12     | Noticed an unseen horror
 14915 | D:12     | Killed an unseen horror
 15276 | D:12     | Reached XP level 12. HP: 95/95 MP: 24/24
 16439 | D:12     | Identified a scroll of acquirement
 16440 | D:12     | Acquired the ring of Xafoly {rElec rF+}
 16625 | Lair:1   | Entered Level 1 of the Lair of Beasts
 16887 | Lair:1   | Noticed Sonja
 16900 | Lair:1   | Cast into level 1 of the Abyss (Sonja)
 16968 | Abyss:1  | Found a corrupted altar of Lugonu.
 17081 | Abyss:1  | Noticed a tentacled starspawn
 17090 | Abyss:1  | Killed a tentacled starspawn
 17103 | Abyss:1  | Noticed a jiangshi
 17114 | Abyss:1  | Killed a jiangshi
 17120 | Abyss:1  | Noticed a tentacled starspawn
 17125 | Abyss:1  | Noticed a jiangshi
 17128 | Abyss:1  | Noticed a jiangshi
 17128 | Abyss:1  | Killed a tentacled starspawn
 17142 | Abyss:1  | Mangled by a jiangshi

Illustrated notes

Levels and vault maps discovered:
D:1:      dpeg_arrival_tiny_g, layout_rooms
D:2:      layout_basic, chequers_ecumenical_altar_simple
D:3:      layout_loops_ring, grunt_temple_overflow_open, lemuel_round_altar,
          roderic_serpentine_path, hangedman_decor_push, hangedman_glass_teeth
D:4:      layout_basic, grunt_gozag_statues, serial_shops, shop_fountains,
          kennysheep_mini_moat, shop, shop, nicolae_shop_stone,
          kennysheep_cross_room, uniq_edmund, uniq_sigmund
D:5:      layout_gridville, basic_altar, enter_ossuary_5, minmay_manual_maat,
          uniq_pikel
D:6:      minmay_thinvault, layout_layer_cave,
          grunt_temple_overflow_order_and_chaos_2,
          amethyst_overflow_temple_binary,
          minmay_temple_entry_statues_fountains, basic_altar, uniq_eustachio,
          uniq_menkaure
D:7:      layout_basic, kb_xom_exploding_sheep, uniq_prince_ribbit1
D:8:      layout_loops_corners, lemuel_round_altar, serial_shops, shop, shop,
          shop, nicolae_shop_temple_entry_statues_fountains, uniq_joseph
D:9:      layout_rooms, tgw_fedhas, nrook_loot_triangle, minivault_28
D:10:     layout_rooms, erik_lair_dragon, david_orc_4, serial_shops, shop,
          uniq_erica
D:11:     layout_small_grid
D:12:     layout_stronghold
D:13:     layout_roguey, serial_shops, nicolae_shop_trees, serial_bayou_pond_b
Temple:   jpeg_temple_alley_garden
Lair:1:   kb_forest_paths, layout_chaotic_city, grunt_forest_large_clearing_hut,
          uniq_sonja
Abyss:1:  base:
D:3

Skill      XL: |  1  2  3  4  5  6  7  8  9 10 11 12 |
---------------+-------------------------------------+-----
Spellcasting   | 5 6 7 8 9 |  9.1
Invocations    | 1 2 3 4 5 6 7 8 |  8.2
Fighting       | 1 2 3 5 7 9 |  9.9
Short Blades   | 1 2 3 4 5 6 7 |  7.5
Long Blades    | 1 2 3 4 5 6 7 |  7.5
Axes           | 1 2 3 4 5 6 7 |  7.5
Maces & Flails | 1 2 3 4 5 6 7 |  7.5
Polearms       | 1 2 3 4 5 6 7 |  7.5
Staves         | 1 2 3 4 5 6 7 |  7.5
Slings         | 1 2 3 4 5 6 7 |  7.5
Bows           | 1 2 3 4 5 6 7 |  7.5
Crossbows      | 1 2 3 4 5 6 7 |  7.5
Throwing       | 1 2 3 4 5 6 7 |  7.5
Armour         | 1 2 3 4 5 6 7 |  7.5
Shields        | 1 2 3 4 5 6 7 |  7.5
Unarmed Combat | 1 2 3 4 5 6 7 |  7.5
Evocations     | 1 2 3 4 5 6 7 |  7.5
Conjurations   | 1 2 3 4 5 6 |  6.2
Hexes          | 1 2 3 4 5 6 |  6.2
Summonings     | 1 2 3 4 5 6 |  6.2
Necromancy     | 1 2 3 4 5 6 |  6.2
Translocations | 1 2 3 4 5 6 |  6.2
Transmutations | 1 2 3 4 5 6 |  6.2
Fire Magic     | 1 2 3 4 5 6 |  6.2
Air Magic      | 1 2 3 4 5 6 |  6.2
Earth Magic    | 1 2 3 4 5 6 |  6.2
Poison Magic   | 1 2 3 4 5 6 |  6.2
Dodging        | 5 6 7 8 |  8.9
Stealth        | 5 6 7 8 |  8.6
Ice Magic      | 8 9 |  9.5

Action                   |  1- 3 |  4- 6 |  7- 9 | 10-12 || total
-------------------------+-------+-------+-------+-------++-------
Melee: Unarmed           |    21 |       |       |       ||    21
       Bite              |     5 |     1 |    21 |    16 ||    43
       Dagger            |    16 |    14 |       |       ||    30
       Short sword       |     2 |     8 |   181 |   149 ||   340
       Punch             |       |       |     6 |     6 ||    12
 Cast: Freeze            |    26 |     3 |       |     3 ||    32
       Frozen Ramparts   |     7 |    21 |    41 |    82 ||   151
       Summon Ice Beast  |       |     2 |    46 |   121 ||   169
Invok: Channel Magic     |       |       |       |     2 ||     2
  Use: Scroll            |       |     5 |     5 |    12 ||    22
       Potion            |       |       |     2 |     4 ||     6
 Stab: Sleeping          |     3 |     1 |     7 |     6 ||    17
       Distracted        |       |       |       |     2 ||     2
Armor: Robe              |     9 |     1 |    22 |    24 ||    56
Dodge: Dodged            |    56 |    24 |   172 |   232 ||   484

Table legend: (Time is in decaauts)
 A = Elapsed time spent in this place.
 B = Non-inter-level travel time spent in this place.
 C = Inter-level travel time spent in this place.
 D = Time resting spent in this place.
 E = Time spent auto-exploring this place.
 F = Levels seen in this place.
 G = Mean time per level.
                   A        B        C        D        E       F      G
               +--------+--------+--------+--------+--------+-----+--------+
         Total |  17093 |  16550 |    543 |    976 |  12457 |  17 | 1005.5 |
       Dungeon |  15782 |  15268 |    514 |    916 |  11570 |  13 | 1214.0 |
        Temple |    378 |    349 |     29 |      0 |    341 |   1 |  378.0 |
          Lair |    274 |    274 |      0 |      0 |    208 |   1 |  274.0 |
         Abyss |    246 |    246 |      0 |     54 |     95 |   1 |  246.0 |
       Ossuary |    412 |    412 |      0 |      6 |    243 |   1 |  412.0 |
               +--------+--------+--------+--------+--------+-----+--------+

Top non-repeatable levels by time:
     D:6: 1944 daAuts
    D:12: 1882 daAuts
     D:8: 1597 daAuts
    D:10: 1373 daAuts
     D:3: 1328 daAuts
     D:5: 1257 daAuts
    D:11: 1204 daAuts
     D:4: 1175 daAuts
     D:1: 1128 daAuts
     D:9: 1070 daAuts
     D:7: 941 daAuts
     D:2: 869 daAuts
 Ossuary: 412 daAuts
  Temple: 378 daAuts
  Lair:1: 274 daAuts
